 Dungeon Crawl Stone Soup version 0.29-a0-557-g43b9904bd1 (webtiles) character file.

Game seed: 7431663785579410090

135 happo123 the Sneak (level 4, -1/25 HPs)
             Began as a Vampire Enchanter on June 9, 2022.
             Slain by a goblin
             ... wielding a +0 club
             ... led by Robin
              (6 damage)
             ... on level 3 of the Dungeon.
             The game lasted 00:07:37 (2325 turns).

happo123 the Sneak (Vampire Enchanter)              Turns: 2325, Time: 00:07:38

Health: -1/25      AC:  2    Str:  7    XL:     4   Next: 96%
Magic:  1/7        EV: 12    Int: 19    God:
Gold:   115        SH:  0    Dex: 14    Spells: 2/7 levels left

rFire   . . .      SeeInvis +   e - +2 dagger (speed)
rCold   + + .      Faith    .   (no shield)
rNeg    + + +      Spirit   .   b - +0 robe
rPois   ∞          Reflect  .   (no helmet)
rElec   .          Harm     .   (no cloak)
rCorr   .          Rampage  .   (no gloves)
Will    .....                   (no boots)
Stlth   +++++.....              (no amulet)
HPRegen 0.00/turn               (no ring)
MPRegen 0.10/turn               (no ring)

@: bloodless, inhibited regen, invisible
A: bloodless, fangs 3, see invisible, vampiric 2
a: Bat Form, Revivify


You were on level 3 of the Dungeon.
You visited 1 branch of the dungeon, and saw 3 of its levels.

You collected 115 gold pieces.

Inventory:

Hand Weapons
 a - a +1 dagger
 e - a +2 dagger of speed (weapon)
Armour
 b - a +0 robe (worn)
Wands
 m - a wand of flame (23)
Scrolls
 d - 3 scrolls of identify {unknown}
 i - a scroll of immolation {unknown}
 k - a scroll of poison {unknown}
 l - a scroll of blinking {unknown}
Potions
 c - a potion of invisibility
 f - a potion of curing {unknown}
 g - a potion of lignification {unknown}
 h - a potion of heal wounds {unknown}
 j - a potion of brilliance {unknown}


   Skills:
 + Level 1.0 Fighting
 + Level 2.0 Short Blades
 + Level 2.7 Dodging
 * Level 5.8 Stealth
 + Level 2.4 Spellcasting
 * Level 5.6 Hexes
 + Level 0.8 Ice Magic


You had 2 spell levels left.
You knew the following spells:

 Your Spells              Type           Power      Damage    Failure   Level
a - Ensorcelled Hibernat  Hex/Ice        28%        N/A       6%          2
b - Confusing Touch       Hex            23%        N/A       4%          3

Your spell library contained the following spells:

 Spells                   Type           Power      Damage    Failure   Level
 Tukima's Dance           Hex            23%        N/A       4%          3
 Dazzling Flash           Conj/Hex       24%        N/A       16%         3


Dungeon Overview and Level Annotations

Branches:
Dungeon (3/15)

Altars:

Annotations:
D:3 Robin


Innate Abilities, Weirdness & Mutations

You do not regenerate when monsters are visible.
You are frail without blood (-20% HP).
You can heal yourself when you bite living creatures.
You are immune to poison.
You have razor-sharp teeth.
You have supernaturally acute eyesight. (SInv)
You are afflicted with vampirism and can become a bat while bloodless.


Message History

The goblin no longer looks unusually strong.
Aiming: Ensorcelled Hibernation (safe; 7% risk of failure)
Press: ? - help, Q - select action, (/) - cycle Shift-Dir - straight line, f - goblin
Aim: a goblin, wielding a +0 club (chance to affect: 65%)
The goblin resists with significant effort.
Robin throws the goblin at you!
Aiming: Ensorcelled Hibernation (safe; 7% risk of failure)
Press: ? - help, Q - select action, (/) - cycle Shift-Dir - straight line, f - goblin, p - goblin
Aim: a goblin, wielding a +0 dagger (strong, chance to affect: 65%)
The goblin looks drowsy...
The goblin hits you with a +0 club. The frilled lizard barely misses you.
The helpless goblin fails to defend itself.
You bite the goblin, and draw its blood!
You feel better.
You impale the goblin!!
You kill the goblin!
The goblin hits you with a +0 club. The frilled lizard barely misses you.
Robin throws the goblin at you!
Aiming: Ensorcelled Hibernation (safe; 6% risk of failure)
Press: ? - help, Q - select action, (/) - cycle Shift-Dir - straight line, f - goblin
Aim: a goblin, wielding a +0 club (chance to affect: 65%)
The goblin resists with significant effort.
The goblin closely misses you. The frilled lizard barely misses you.
The goblin barely misses you. The goblin closely misses you.
You closely miss the goblin. The frilled lizard closely misses you.
The goblin closely misses you. x2; The goblin barely misses you.
Robin roars a battlecry!
The goblins go into a battle-frenzy!
You closely miss the goblin. You barely miss the goblin.
The goblin no longer looks unusually strong.
The frilled lizard barely misses you. The goblin misses you.
The goblin hits you with a +0 club. The goblin barely misses you.
The hobgoblin shouts!
You hit the goblin.
You kill the goblin!
You fade into invisibility!
The frilled lizard bites you.
* * * LOW HITPOINT WARNING * * *
The goblin hits you with a +0 club.
You die...

.# .. .# ..###.. .#
.......#+#+###
.###.............##
..................
.##............gg#
..........####.#@#
..............gl)#
....####+#...g.######
....###.....g......!..
.##......#g###########
..####...#.# ..#
#...#.# >.# #+++#.#
..# #g#


You could see Robin (can't see you), a hobgoblin (strong, can't see you), 4
goblins and a frilled lizard (can't see you).

Vanquished Creatures
  Jessica (D:2)
  4 adders (D:2)
  3 dart slugs
  4 ball pythons
  7 endoplasms
  14 goblins
  7 hobgoblins
  3 jackals (D:2)
  A quokka (D:1)
  6 bats
  6 frilled lizards
  3 kobolds
  3 rats
62 creatures vanquished.

Notes
Turn   | Place    | Note
-------+----------+-------------------------------------------
     0 | D:1      | happo123 the Vampire Enchanter began the quest for the Orb.
     0 | D:1      | Reached XP level 1. HP: 13/13 MP: 3/3
    78 | D:1      | You fall into a shaft and drop 1 floor!
   215 | D:2      | Reached XP level 2. HP: 18/19 MP: 5/5
   250 | D:2      | Reached skill level 5 in Stealth
   261 | D:2      | Learned a level 2 spell: Ensorcelled Hibernation
   370 | D:2      | Gained mutation: You are afflicted with vampirism and can
                  | become a bat while bloodless. [Vampire growth]
   370 | D:2      | Reached XP level 3. HP: 17/20 MP: 6/6
   792 | D:2      | Reached skill level 5 in Hexes
   852 | D:2      | Found a faded altar of an unknown god.
  1338 | D:1      | Reached XP level 4. HP: 24/24 MP: 0/7
  1343 | D:1      | Learned a level 3 spell: Confusing Touch
  1964 | D:2      | Noticed Jessica
  1967 | D:2      | Killed Jessica
  1968 | D:2      | Reached skill level 1 in Fighting
  2300 | D:3      | Noticed Robin
  2325 | D:3      | Slain by a goblin

Illustrated notes

Levels and vault maps discovered:
D:1:      matt_arrival_refuge, layout_basic
D:2:      cheibrodos_greedy_goblins, layout_loops_ring,
          shapermc_ecumenical_altar_mp_highgroup, minmay_three_crescents,
          uniq_jessica
D:3:      layout_basic, cheibrodos_sewer_entry_drain,
          kennysheep_cross_bottleneck, uniq_natasha, uniq_grinder, uniq_robin

Skill      XL: |  1  2  3  4 |
---------------+-------------+-----
Stealth        | 5 |  5.8
Hexes          | 5 |  5.6
Fighting       | 1 |  1.0
Short Blades   | 2 |  2.0
Dodging        | |  2.7
Spellcasting   | |  2.4
Ice Magic      | |  0.8

Action                   |  1- 3 |  4- 6 || total
-------------------------+-------+-------++-------
Melee: Dagger            |    90 |    54 ||   144
       Bite              |     7 |     3 ||    10
 Cast: Ensorcelled Hiber |    10 |     8 ||    18
 Abil: Exsanguinate      |     1 |       ||     1
  Use: Potion            |       |     1 ||     1
 Stab: Sleeping          |    18 |     8 ||    26
       Distracted        |     1 |       ||     1
Armor: Robe              |     5 |    14 ||    19
Dodge: Dodged            |    45 |    58 ||   103

Table legend: (Time is in decaauts)
 A = Elapsed time spent in this place.
 B = Non-inter-level travel time spent in this place.
 C = Inter-level travel time spent in this place.
 D = Time resting spent in this place.
 E = Time spent auto-exploring this place.
 F = Levels seen in this place.
 G = Mean time per level.
                   A        B        C        D        E       F      G
               +--------+--------+--------+--------+--------+-----+--------+
         Total |   2280 |   2036 |    244 |    317 |   1292 |   3 |  760.0 |
       Dungeon |   2280 |   2036 |    244 |    317 |   1292 |   3 |  760.0 |
               +--------+--------+--------+--------+--------+-----+--------+

Top non-repeatable levels by time:
     D:2: 1488 daAuts
     D:1: 746 daAuts
     D:3: 45 daAuts
